 Dungeon Crawl Stone Soup version 0.19.5 (webtiles) character file.

228 miragecloak the Insei (level 5, -16/40 HPs)
             Began as a Draconian Transmuter on May 18, 2017.
             Killed from afar by dscm's ghost (19 damage)
             ... with a stone arrow
             ... on level 4 of the Dungeon.
             The game lasted 00:04:48 (3192 turns).

miragecloak the Insei (Draconian Transmuter)        Turns: 3192, Time: 00:04:48

Health: -16/40     AC:  7    Str: 12    XL:     5   Next: 70%
Magic:  17/17      EV: 12    Int: 14    God:
Gold:   151        SH:  0    Dex: 12    Spells: 1 memorised, 7 levels left

rFire  . . .     SeeInvis .       - Unarmed
rCold  . . .     Gourm    .     (armour unavailable)
rNeg   . . .     Faith    .     (no shield)
rPois  .         Spirit   .     (helmet restricted)
rElec  .         Reflect  .     p - +0 cloak
rCorr  .         Harm     .     (no gloves)
MR     .....                    l - +0 pair of boots
Stlth  +.........               m - amulet of inaccuracy (curse)
                                y - ring of wizardry
                                d - ring of magical power

@: appendage (expiring)
A: unfitting armour, horns 2, cold-blooded, AC +5
a: End Transformation


You were on level 4 of the Dungeon.
You were hungry.
You had grown temporary horns.
You visited 1 branch of the dungeon, and saw 4 of its levels.

You collected 151 gold pieces.

Inventory:

Missiles
 a - 58 arrows
Armour
 l - a +0 pair of boots (worn)
 p - a +0 cloak (worn)
Jewellery
 d - a ring of magical power (left hand)
 m - a cursed amulet of inaccuracy (around neck)
 y - a ring of wizardry (right hand)
Wands
 t - a wand of lightning (9/15)
Scrolls
 e - a scroll of noise {unknown}
 f - 2 scrolls of immolation {unknown}
 i - 6 scrolls of identify {unknown}
 n - a scroll of magic mapping {unknown}
 q - 3 scrolls of teleportation {unknown}
 r - a scroll of enchant weapon {unknown}
 s - a scroll of remove curse {unknown}
 u - a scroll of blinking {unknown}
Potions
 g - a potion of berserk rage {unknown}
 h - a potion of curing
 j - a potion of might
 o - a potion of resistance {unknown}
Books
 b - a book of Changes

   Spells                             Type                      Level
   a - Beastly Appendage              Transmutation                1
   b - Sticks to Snakes               Transmutation                2
   c - Spider Form                    Transmutation/Poison         3
   d - Ice Form                       Ice/Transmutation            4
   e - Blade Hands                    Transmutation                5
Comestibles
 c - 4 bread rations
 v - 4 fruits
 x - a slice of pizza


   Skills:
 - Level 1.1 Fighting
 - Level 1.7 Dodging
 + Level 6.5 Unarmed Combat
 - Level 2.0 Spellcasting
 - Level 2.0 Transmutations


You had 7 spell levels left.
You knew the following spells:

 Your Spells              Type           Power        Failure   Level  Hunger
a - Beastly Appendage     Tmut           #.....       4%          1    ##.....


Dungeon Overview and Level Annotations

Branches:
Dungeon (4/15)
 Temple: D:4-7

Altars:
Dithmenos

Annotations:
D:4 dscm's ghost, novice OpEE


Innate Abilities, Weirdness & Mutations

Your plain brown scales are hard. (AC +5)
You cannot fit into any form of body armour.
You are cold-blooded and may be slowed by cold attacks.
You have a pair of horns on your head.


Message History

Dscm's ghost hits you but does no damage.
You miss dscm's ghost.
Dscm's ghost is severely damaged.
You hit dscm's ghost but do no damage. Your headbutt misses dscm's ghost.
Dscm's ghost is severely damaged.
Your transformation is almost over.
Dscm's ghost hits you.
* * * LOW HITPOINT WARNING * * *
You closely miss dscm's ghost.
Dscm's ghost is severely damaged.
Dscm's ghost hits you but does no damage.
You completely miss dscm's ghost. Your headbutt misses dscm's ghost.
Dscm's ghost is severely damaged.
Dscm's ghost hits you.
* * * LOW HITPOINT WARNING * * *
Dscm's ghost stares at you and mumbles some strange words.
The stone arrow misses you.
Dscm's ghost stares at you and mumbles some strange words.
The stone arrow hits you!
You die...

....... .....
.... ..# #s#
#.# #####s#
#...W.#####
#####@#####....
#...........#
#........)..#
#...........###
##..........#..
#######.##.#.#
#.##.#.#
#.##.#.#####
#..........#


You could see dscm's ghost and a giant cockroach.

Vanquished Creatures
  An ogre (D:4)
  An orc wizard (D:3)
  An adder (D:3)
  An ooze (D:2)
  5 worms
  A dart slug (D:3)
  2 leopard geckos
  8 orcs (D:3)
  8 bats
  4 giant cockroaches
  8 goblins
  10 hobgoblins
  2 jackals (D:3)
  6 kobolds
  A quokka (D:2)
  3 frilled lizards
  9 rats
71 creatures vanquished.

Notes
Turn   | Place    | Note
-------+----------+-------------------------------------------
     0 | D:1      | miragecloak the Draconian Transmuter began the quest for the Orb.
     0 | D:1      | Reached XP level 1. HP: 16/16 MP: 3/3
   295 | D:1      | Reached XP level 2. HP: 23/23 MP: 3/5
   900 | D:2      | Reached skill level 4 in Unarmed Combat
   939 | D:2      | Reached XP level 3. HP: 28/28 MP: 6/6
  1685 | D:3      | Found a shadowy altar of Dithmenos.
  1689 | D:3      | Reached XP level 4. HP: 32/35 MP: 5/7
  1697 | D:3      | Reached skill level 5 in Unarmed Combat
  2768 | D:4      | Noticed an ogre
  2787 | D:4      | Killed an ogre
  2787 | D:4      | Reached skill level 6 in Unarmed Combat
  2787 | D:4      | Reached XP level 5. HP: 5/40 MP: 8/8
  3162 | D:4      | Noticed dscm's ghost (novice OpEE)
  3192 | D:4      | Killed from afar by dscm's ghost

Skill      XL: |  1  2  3  4 |
---------------+-------------+-----
Unarmed Combat | 4 6 |  6.5
Fighting       | |  1.1
Dodging        | |  1.7
Spellcasting   | |  2.0
Transmutations | |  2.0

Action                   |  1- 3 |  4- 6 || total
-------------------------+-------+-------++-------
Melee: Unarmed           |   126 |   129 ||   255
       Headbutt          |    11 |    10 ||    21
       Tailslap          |    15 |    16 ||    31
       Kick              |     1 |       ||     1
       Punch             |     2 |       ||     2
 Cast: Beastly Appendage |    35 |    22 ||    57
  Use: Potion            |       |     4 ||     4
 Stab: Sleeping          |     2 |       ||     2
  Eat: Chunk             |     3 |     5 ||     8
Armor: Skin              |    28 |    54 ||    82
Dodge: Dodged            |    62 |    76 ||   138
